 Dungeon Crawl Stone Soup version 0.14-a0-2592-g262d02f (webtiles) character file.

191 CrazyArbalest the Bolt Thrower (level 4, 0/32 HPs)
             Began as a Demonspawn Hunter on Feb 12, 2014.
             Slain by an orc wizard
             ... wielding a cursed -1,+1 orcish mace
              (4 damage)
             ... on Level 3 of the Dungeon.
             The game lasted 00:10:17 (2067 turns).

CrazyArbalest the Bolt Thrower (Demonspawn Hunter)  Turns: 2067, Time: 00:10:17

HP   0/32        AC  7     Str 14      XL: 4   Next: 54%
MP   4/4         EV 11     Int 12      God:
Gold 86          SH  0     Dex 12      Spells:  0 memorised,  3 levels left

rFire  . . .     SeeInvis .     b - +1 crossbow
rCold  . . .     Clarity  .     d - +0 leather armour
rNeg   . . .     Conserve .     (no shield)
rPois  .         rCorr    .     (no helmet)
rElec  .         rRot     .     (no cloak)
SustAb . .       Spirit   .     (no gloves)
rMut   .         Warding  .     (no boots)
Saprov . . .     Stasis   .     (no amulet)
MR     .....                    (no ring)
                                (no ring)

@: not resistant to hostile enchantments, unstealthy
A: rough black scales 1, spiny 1
a: no special abilities


You were on level 3 of the Dungeon.
You were very hungry.

You visited 1 branch of the dungeon, and saw 3 of its levels.

You collected 86 gold pieces.

Inventory:

Hand weapons
 a - a +0,+0 short sword
 b - a +1,+1 crossbow (weapon)
Missiles
 c - 15 bolts (quivered)
Armour
 d - a +0 leather armour (worn)
Comestibles
 f - 3 bread rations
 k - a meat ration
 m - a choko
 s - 5 sultanas
 x - 2 apples
Scrolls
 g - a scroll of teleportation {unknown}
 i - a scroll of fog {unknown}
 o - a scroll of curse armour {unknown}
 p - a scroll of enchant weapon II {unknown}
 r - 3 scrolls of identify {unknown}
 u - 2 scrolls of curse jewellery {unknown}
 w - a scroll of enchant armour {unknown}
 y - 2 scrolls of remove curse {unknown}
Potions
 e - 3 potions of curing {unknown}
 h - 2 potions of heal wounds {unknown}
 j - a potion of lignification {unknown}
 l - a potion of beneficial mutation {unknown}


   Skills:
 + Level 1.5 Fighting
 + Level 1.0 Short Blades
 * Level 4.3 Crossbows
 + Level 1.3 Armour
 + Level 2.6 Dodging
 + Level 0.8 Stealth


You had 3 spell levels left.
You didn't know any spells.

Dungeon Overview and Level Annotations

Branches:
Dungeon (3/16)

Altars:
Fedhas


Innate Abilities, Weirdness & Mutations

You are partially covered in rough black scales (AC +4, Dex -1).
You are partially covered in sharp spines.


Message History

Aim: an orc wearing an orcish ring mail You shoot a bolt.
The bolt hits something.
An orc wizard appears from thin air!
Reactivating autopickup.
The orc wizard barely misses you.
The orc wizard points at you and mumbles some strange words.
The puff of flame hits you!
Firing (i - inventory):
c - 17 bolts (quivered)
Press: ? - help, Shift-Dir - straight line, f/p - orc
Aim: an orc wearing an orcish ring mail You shoot a bolt.
The bolt hits the orc wizard.
The orc wizard is heavily wounded.
The orc wizard hits you with an orcish mace.
* * * LOW HITPOINT WARNING * * *
Firing (i - inventory):
c - 16 bolts (quivered)
Press: ? - help, Shift-Dir - straight line, f/p - orc
Aim: an orc wearing an orcish ring mail You shoot a bolt.
The bolt hits the orc wizard.
The orc wizard is heavily wounded.
The orc wizard hits you with an orcish mace.
You die...

#..........### #.....##
#.......oo.o.# #.....##
+.....{....#..o#.....'.
#..........# #.+.....##
#####'###### #.....# #oo#
##'#### ##o# #.# #o# #.#
###@#### #.## #......#
#..## #......#### ##..#
#..(......######.#
########......##....###.###
+.............#####........
########......# #####.###
#####.## #.# #.# #.#


You could see an orc wizard and 3 orcs.

Vanquished Creatures
  2 adders (D:2)
  4 worms (D:2)
  A giant gecko (D:1)
  An orc (D:3)
  A giant cockroach (D:2)
  7 hobgoblins
  7 kobolds
  A quokka (D:2)
  A ball python (D:2)
  4 bats
  A giant newt (D:1)
  7 goblins
  13 jackals
  7 rats
  A fungus (D:2)
58 creatures vanquished.

Notes
Turn   | Place    | Note
--------------------------------------------------------------
     0 | D:1      | CrazyArbalest, the Demonspawn Hunter, began the quest for the Orb.
     0 | D:1      | Reached XP level 1. HP: 15/15 MP: 1/1
   201 | D:1      | Gained mutation: You are partially covered in sharp spines. [demonic ancestry]
   201 | D:1      | Reached XP level 2. HP: 16/21 MP: 2/2
   218 | D:1      | Reached skill level 4 in Crossbows
   744 | D:2      | Reached XP level 3. HP: 23/26 MP: 3/3
   935 | D:2      | Found a blossoming altar of Fedhas.
  1254 | D:2      | Reached skill level 1 in Armour
  1273 | D:2      | Gained mutation: You are partially covered in rough black scales (AC +4, Dex -1). [demonic ancestry]
  1273 | D:2      | Reached XP level 4. HP: 23/32 MP: 4/4
  1802 | D:2      | Reached skill level 1 in Short Blades
  2067 | D:3      | Slain by an orc wizard

Action                   |  1- 3 |  4- 6 || total
-------------------------+-------+-------++-------
Melee: Short sword       |   200 |    75 ||   275
 Fire: Crossbow          |    13 |     9 ||    22
